AoeStats
← WoodChuckle

Arabia

509784125Analyzed
1v1 RM · 5d ago on Sep 28, 2026· 47m 3s· 2 players
Game mode
Random Map
Map size
Tiny (2 player)
Population
200
Speed
Normal
Resources
Standard
Victory
Conquest
Starting age
Dark Age
Ending age
Imperial Age
RankedLock teamsTeams togetherTeam positionsShared explorationLock speedFull tech treeHidden civsTurbo modeCheats
Victory
Defeat
🇺🇸 Byzantines · United States
1044
+46
🇺🇸 Ethiopians · United States
1072
-17
WoodChuckle
7:14 Loom
12:04 Feudal Age
12:54 Double-Bit Axe
13:03 Horse Collar
15:19 Scale Mail Armor
20:48 Castle Age
20:55 Gold Mining
22:09 Wheelbarrow
22:07 Bow Saw
21:59 Heavy Plow
22:32 Squires
24:31 Pikeman
24:34 Elite Skirmisher
26:59 Fervor
26:12 Crossbowman
28:10 Thumb Ring
27:59 Fletching
28:39 Ballistics
28:44 Padded Archer Armor
36:48 Imperial Age
39:29 Chemistry
38:26 Murder Holes
41:27 Conscription
42:08 Bodkin Arrow
44:08 Hand Cart
44:08 Stone Mining
randal7580
8:00 Loom
9:55 Feudal Age
13:42 Castle Age
12:20 Double-Bit Axe
13:41 Horse Collar
15:11 Loom
21:17 Scale Mail Armor
21:38 Town Watch
22:29 Wheelbarrow
22:22 Stone Mining
23:51 Heavy Plow
24:14 Squires
25:40 Chain Mail Armor
25:16 Arson
26:04 Bow Saw
26:18 Forging
26:58 Royal Heirs
28:21 Iron Casting
33:55 Hand Cart
41:11 Imperial Age
41:12 Elite Shotel Warrior
42:28 Plate Mail Armor
42:36 Capped Ram
43:28 Siege Ram
45:02 Conscription
Connection lost

Rejoining the realm…

Still unreachable

The connection could not be restored.

Session expired

The server has moved on; the page needs a fresh start.